 Dungeon Crawl Stone Soup version 0.13-a0-2496-g11650dd (webtiles) character file.

229 JogiH the Magician (level 4, -7/37 HPs)
             Began as a Djinni Wizard on July 22, 2013.
             Mangled by a rock worm (shapeshifter) (12 damage)
             ... on Level 2 of the Dungeon.
             The game lasted 00:14:04 (4712 turns).

JogiH the Magician (Djinni Wizard)                  Turns: 4712, Time: 00:14:04

HP  -7/37        AC  3     Str  7      XL: 4   Next: 62%
MP   0/0         EV 12     Int 19      God:
Gold 118         SH  0     Dex 12      Spells:  5 memorised,  1 level left

Res.Fire  : + + +   See Invis. : .   y - +3,+4 quarterstaff (chaos)
Res.Cold  : . . .   Warding    : .   a - +0 robe
Life Prot.: + + +   Conserve   : .   (no shield)
Res.Poison: .       Res.Corr.  : .   b - +0 wizard hat
Res.Elec. : .       Clarity    : +   z - +0 cloak
Sust.Abil.: . .     Spirit.Shd : .   (no gloves)
Res.Mut.  : .       Stasis     : .   (boots unavailable)
Res.Rott. : .       Flight     : .   h - amulet of clarity {unknown}
Saprovore : . . .                    (no ring)
                                     s - ring of protection from cold {unknown}

@: very slightly contaminated, slightly resistant to hostile enchantments,
unstealthy
A: no striking features
a: no special abilities


You were on level 2 of the Dungeon.
You were not hungry.

You visited 1 branch of the dungeon, and saw 3 of its levels.

You collected 98 gold pieces.

Inventory:

Hand weapons
 y - a +3,+4 quarterstaff of chaos (weapon)
Armour
 a - a +0 robe (worn)
 b - a +0 wizard hat (worn)
 z - a +0 cloak (worn)
Scrolls
 d - a scroll of fog {unknown}
 f - 3 scrolls of curse armour {unknown}
 g - 3 scrolls of identify {unknown}
 k - a scroll of teleportation {unknown}
 l - a scroll of magic mapping {unknown}
 n - a scroll of fear {unknown}
 o - a scroll of enchant weapon I {unknown}
 p - a scroll of remove curse {unknown}
 r - a scroll of amnesia {unknown}
 t - a scroll of blinking {unknown}
 u - a scroll of enchant armour {unknown}
 w - a scroll of recharging {unknown}
 x - a scroll of curse jewellery {unknown}
Jewellery
 h - an amulet of clarity (around neck) {unknown}
 s - a ring of protection from cold (left hand) {unknown}
Potions
 e - a potion of curing
 j - a potion of brilliance {unknown}
 m - 2 potions of magic {unknown}
 q - a potion of might {unknown}
 v - a potion of flight {unknown}
Books
 c - a book of Minor Magic

   Spells                             Type                      Level
   *Magic Dart                        Conjuration                  1
   *Blink                             Translocation                2
   *Call Imp                          Summoning                    2
   Repel Missiles                     Charms/Air                   2
   Slow                               Hexes                        2
   *Conjure Flame                     Conjuration/Fire             3
   *Mephitic Cloud                    Conjuration/Poison/Air       3


   Skills:
 * Level 1.5 Fighting
 - Level 2.0 Dodging
 * Level 1.9 Stealth
 + Level 4.6 Spellcasting
 * Level 2.3 Conjurations
 + Level 1.7 Summonings
 + Level 1.0 Translocations


You had one spell level left.
You knew the following spells:

 Your Spells              Type           Power        Failure   Level  Hunger
a - Magic Dart            Conj           ##..         6%          1    None
b - Blink                 Tloc           N/A          14%         2    #......
c - Call Imp              Summ           ##........   12%         2    #......
d - Conjure Flame         Conj/Fire      #.......     28%         3    ###....
e - Mephitic Cloud        Conj/Pois/Air  #.......     34%         3    ###....


Dungeon Overview and Level Annotations

Branches:
Dungeon (3/27)

Altars:


Message History

Aiming: Mephitic Cloud
Press: ? - help, Shift-Dir - straight line, f/p - naga
Aim: a naga
Okay, then.
Casting: Mephitic Cloud
Confirm with . or Enter, or press ? or * to list all spells.
Aiming: Conjure Flame
Press: ? - help, Dir - move target cursor, p - naga The fire roars!
The naga changes into a rock worm!
Your magical contamination has completely faded away.
The rock worm is engulfed in roaring flames.
Casting: Conjure Flame
Confirm with . or Enter, or press ? or * to list all spells.
Aiming: Conjure Flame
Press: ? - help, Dir - move target cursor You miscast Conjure Flame.
You are very lightly contaminated with residual magic.
Your skin glows momentarily.
The rock worm bites you!
You die...

# #..# #.# #.# #. # #..#
#.# #.# #. ######## ####
### ##.# #. .......#
#..# #. ..####.#
♣♣♣##### ## #.## #.#
#####♣♣♣♣♣♣♣#### #
...###.#
#)..#♣♣♣♣♣♣....#########
.......#
#.....♣♣♣♣..........N...
...###.#
#...#♣.@♣§.....#########
#..# #.#
#####♣♣♣w♣....##
...###.# ♣♣♣♣♣♣♣♣###
.......# ♣♣♣♣♣♣#
##.##### ### ###### #.#
#.# #....# #.# #.#
####.# #.# ##.## #.# #.#
##...####### #.#


You could see a rock worm shaped shifter.

Vanquished Creatures
  Ijyb (D:2)
  Terence (D:2)
  An adder (D:3)
  A giant gecko (D:1)
  An ooze (D:2)
  3 orcs (D:3)
  A giant cockroach (D:2)
  6 hobgoblins
  2 jackals (D:1)
  3 kobolds
  2 quokkas
  5 bats
  5 giant newts
  3 goblins (D:2)
  2 rats
37 creatures vanquished.

Vanquished Creatures (collateral kills)
  Crazy Yiuf (D:2)
  2 adders (D:2)
  A giant mite (D:2)
  2 worms (D:2)
  2 orcs
  2 bats (D:2)
  2 giant cockroaches
  A goblin (D:2)
  2 hobgoblins (D:2)
15 creatures vanquished.

Vanquished Creatures (others)
  5 crimson imps (D:2)
  3 shadow imps
  2 white imps (D:2)
10 creatures vanquished.

Grand Total: 62 creatures vanquished

Notes
Turn   | Place    | Note
--------------------------------------------------------------
     0 | D:1      | JogiH, the Djinni Wizard, began the quest for the Orb.
     0 | D:1      | Reached XP level 1. HP: 14/14 MP: 0/0
   369 | D:1      | Reached skill level 4 in Spellcasting
   456 | D:1      | Reached XP level 2. EP: 7/23
   595 | D:1      | Learned a level 2 spell: Blink
   598 | D:1      | Learned a level 2 spell: Call Imp
  1193 | D:2      | Noticed Ijyb
  1315 | D:2      | Killed Ijyb
  1315 | D:2      | Reached XP level 3. EP: 5/29
  1480 | D:2      | Learned a level 3 spell: Conjure Flame
  1619 | D:2      | Reached skill level 1 in Fighting
  2791 | D:2      | Noticed Terence
  3001 | D:2      | Killed Terence
  3001 | D:2      | Reached XP level 4. EP: 5/37
  3320 | D:2      | Noticed Crazy Yiuf
  3369 | D:2      | Killed Crazy Yiuf
  3661 | D:3      | HP: 1/37 [orc wizard/magic dart (9)]
  4192 | D:2      | Learned a level 3 spell: Mephitic Cloud
  4660 | D:2      | Noticed a warg
  4662 | D:2      | a warg changed into a spider
  4675 | D:2      | Noticed a naga
  4707 | D:2      | Noticed a rock worm
  4707 | D:2      | a naga changed into a rock worm
  4712 | D:2      | Mangled by a rock worm (shapeshifter)

Action                   |  1- 3 |  4- 6 || total
-------------------------+-------+-------++-------
Melee: Unarmed           |    14 |     8 ||    22
       Quarterstaff      |       |    11 ||    11
 Cast: Magic Dart        |    77 |    45 ||   122
       Call Imp          |    30 |    16 ||    46
       Mephitic Cloud    |       |     4 ||     4
       Conjure Flame     |       |     2 ||     2
       Blink             |       |     1 ||     1
  Use: Potion            |       |     1 ||     1
